General information
- name: BNet
- type: Ladder team game (AT/RT)
- host: Battle.net
- saver: YeahShesAssBATS
map: GoldRush
- players: 8
- length: 25:25
- speed: Fast
- version: 1.21 W3XP
- replay type: Public
» download(121 KB)
Players
team 1 (winner)

»
XZA (
yellow | 0 APM | 0 actions | 25:25)
fange14 (
red | 12 APM | 69 actions | 05:44)
1 Mountain King
1 Storm Bolt
» actions
| Build / train | 8 | |
| Enter build submenu | 5 | |
| Enter hero's abilities submenu | 2 | |
| Right click | 20 | |
| Select / deselect | 29 | |
| Use ability | 5 | |
69 total
» units
» buildings
| Altar of Kings | 1 | |
| Barracks | 1 | |
| Lumber Mill | 1 | |
| Farm | 2 | |
5 total
» build order
00:42 Altar of Kings
01:54 Barracks
02:35 Lumber Mill
03:40 Farm
04:39 Farm
fragfire (
teal | 12 APM | 9 actions | 00:43)
YeahShesAssBATS (
orange | 113 APM | 2880 actions | 25:25)
5 Blademaster
3 Wind Walk
2 Critical Strike
6 Death Knight
3 Death Coil
3 Unholy Aura
5 Lich
3 Frost Nova
2 Dark Ritual
5 Dreadlord
3 Sleep
2 Carrion Swarm
3 Mountain King
2 Thunder Clap
1 Storm Bolt
» actions
| Assign group hotkey | 41 | |
| Basic commands | 241 | |
| Build / train | 126 | |
| ESC pressed | 4 | |
| Enter build submenu | 39 | |
| Enter hero's abilities submenu | 27 | |
| Give item / drop item | 3 | |
| Remove unit from queue | 3 | |
| Right click | 1183 | |
| Select / deselect | 674 | |
| Select group hotkey | 394 | |
| Use ability | 145 | |
2880 total
» units
| Peon | 6 | |
| Acolyte | 7 | |
| Ghoul | 11 | |
| Crypt Fiend | 13 | |
| Footman | 8 | |
| Frost Wyrm | 7 | |
52 total
» upgrades
| Web | 1 | |
| Creature Attack | 3 | |
| Creature Carapace | 3 | |
| Unholy Strength | 2 | |
| Unholy Armor | 2 | |
11 total
» buildings
| Altar of Storms | 1 | |
| Orc Burrow | 1 | |
| Crypt | 4 | |
| Graveyard | 2 | |
| Altar of Darkness | 3 | |
| Ziggurat | 8 | |
| Tomb of Relics | 1 | |
| Halls of the Dead | 3 | |
| Black Citadel | 2 | |
| Keep | 1 | |
| Scout Tower | 3 | |
| Spirit Tower | 2 | |
| Sacrificial Pit | 2 | |
| Guard Tower | 2 | |
| Boneyard | 3 | |
| Great Hall | 1 | |
| Necropolis | 1 | |
40 total
» build order
00:07 Altar of Storms
00:09 Orc Burrow
00:18 Crypt
00:20 Crypt
00:34 Graveyard
00:44 Altar of Darkness
01:01 Ziggurat
01:10 Tomb of Relics
02:05 Ziggurat
02:12 Halls of the Dead
02:15 Crypt
02:18 Graveyard
02:39 Ziggurat
03:57 Halls of the Dead
03:57 Halls of the Dead
04:10 Altar of Darkness
04:14 Ziggurat
05:24 Black Citadel
06:23 Keep
06:27 Scout Tower
06:28 Scout Tower
06:30 Scout Tower
06:44 Spirit Tower
06:45 Black Citadel
06:53 Sacrificial Pit
07:47 Guard Tower
07:59 Sacrificial Pit
09:35 Boneyard
09:38 Ziggurat
09:41 Boneyard
09:46 Boneyard
10:12 Great Hall
10:26 Guard Tower
10:45 Ziggurat
11:48 Necropolis
12:29 Ziggurat
13:21 Spirit Tower
17:40 Altar of Darkness
17:41 Ziggurat
17:44 Crypt
» items
| Rod of Necromancy | 2 | |
| Potion of Healing | 8 | |
| Scroll of Town Portal | 2 | |
| Orb of Corruption | 4 | |
| Scroll of Healing | 2 | |
| Potion of Mana | 2 | |
20 total
team 2 (loser)
xl3ladex (
pink | 23 APM | 583 actions | 25:23)
4 Paladin
2 Devotion Aura
2 Divine Shield
» actions
| Build / train | 55 | |
| Enter build submenu | 22 | |
| Enter hero's abilities submenu | 4 | |
| Right click | 213 | |
| Select / deselect | 253 | |
| Use ability | 36 | |
583 total
» units
| Peasant | 8 | |
| Grunt | 10 | |
| Rifleman | 25 | |
43 total
» upgrades
» buildings
| Altar of Kings | 1 | |
| Farm | 11 | |
| Barracks | 4 | |
| Altar of Storms | 1 | |
| Blacksmith | 1 | |
| Orc Burrow | 2 | |
| Keep | 1 | |
| Castle | 1 | |
22 total
» build order
00:05 Altar of Kings
00:09 Farm
00:13 Barracks
00:35 Altar of Storms
01:09 Barracks
01:44 Blacksmith
02:07 Barracks
02:17 Farm
02:35 Barracks
02:55 Farm
03:14 Orc Burrow
03:33 Farm
04:16 Farm
04:19 Farm
05:05 Farm
06:51 Farm
06:53 Keep
07:37 Farm
08:19 Farm
09:51 Castle
11:08 Farm
11:38 Orc Burrow
iRNoob. (
blue | 69 APM | 1696 actions | 24:44)
4 Paladin
2 Holy Light
2 Devotion Aura
» actions
| Build / train | 122 | |
| Enter build submenu | 26 | |
| Enter hero's abilities submenu | 4 | |
| Remove unit from queue | 13 | |
| Right click | 1137 | |
| Select / deselect | 370 | |
| Use ability | 24 | |
1696 total
» units
| Peasant | 5 | |
| Peon | 5 | |
| Footman | 9 | |
| Grunt | 13 | |
| Rifleman | 3 | |
| Gryphon Rider | 15 | |
| Flying Machine | 34 | |
| Siege Engine | 2 | |
86 total
» upgrades
| Swords | 3 | |
| Armor | 2 | |
| Lumber Harvesting | 2 | |
| Storm Hammers | 1 | |
| Gunpowder | 1 | |
| Plating | 1 | |
| Flying Machine Bombs | 1 | |
11 total
» buildings
| Altar of Kings | 1 | |
| Farm | 8 | |
| Orc Burrow | 3 | |
| Barracks | 1 | |
| Keep | 5 | |
| Lumber Mill | 2 | |
| Blacksmith | 1 | |
| Castle | 2 | |
| Gryphon Aviary | 1 | |
| Workshop | 2 | |
26 total
» build order
00:18 Altar of Kings
00:28 Farm
00:43 Orc Burrow
00:59 Barracks
01:29 Farm
01:39 Orc Burrow
02:18 Farm
02:48 Keep
02:48 Keep
02:49 Keep
03:08 Lumber Mill
03:48 Blacksmith
05:21 Castle
05:21 Castle
05:24 Farm
06:19 Farm
06:59 Gryphon Aviary
08:25 Orc Burrow
08:45 Farm
09:33 Farm
11:54 Farm
12:41 Lumber Mill
15:06 Workshop
15:10 Workshop
EatMyBird (
purple | 40 APM | 992 actions | 24:42)
2 Blademaster
1 Wind Walk
1 Critical Strike
4 Shadow Hunter
2 Serpent Ward
2 Healing Wave
» actions
| Build / train | 46 | |
| Enter build submenu | 30 | |
| Enter hero's abilities submenu | 6 | |
| Remove unit from queue | 15 | |
| Right click | 521 | |
| Select / deselect | 325 | |
| Use ability | 49 | |
992 total
» units
» upgrades
| Pillage | 1 | |
| Berserker Strength | 1 | |
| Melee Weapons | 2 | |
| Ranged Weapons | 2 | |
6 total
» buildings
| Barracks | 2 | |
| Orc Burrow | 9 | |
| Altar of Storms | 1 | |
| War Mill | 3 | |
| Stronghold | 2 | |
| Watch Tower | 2 | |
| Beastiary | 2 | |
| Fortress | 1 | |
| Voodoo Lounge | 1 | |
| Spirit Lodge | 1 | |
24 total
» build order
00:07 Barracks
00:10 Orc Burrow
00:13 Altar of Storms
03:08 Orc Burrow
03:27 Orc Burrow
04:43 War Mill
05:13 Stronghold
07:58 Orc Burrow
08:01 Orc Burrow
08:05 Watch Tower
09:54 War Mill
10:30 Orc Burrow
10:32 Orc Burrow
10:36 Watch Tower
11:35 Barracks
11:43 Stronghold
14:32 Orc Burrow
14:56 Beastiary
15:05 Beastiary
15:10 Orc Burrow
15:24 Fortress
15:33 Voodoo Lounge
17:23 Spirit Lodge
17:30 War Mill
Rawr-a- (
green | 0 APM | 0 actions | 00:01)
Chat log
(11:26 / All) xl3ladex: gg
(12:09 / All) iRNoob.: this was so hard
(24:45 / All) YeahShesAssBATS: rofl
(24:50 / All) YeahShesAssBATS: "gg"
(24:56 / All) xl3ladex: my team so noob
(25:00 / All) YeahShesAssBATS: Im sure
(25:02 / All) xl3ladex: i was only one with aa
(25:04 / All) YeahShesAssBATS: ok
(25:19 / All) xl3ladex: if u dont belive me i was one with all rifes gg nigger lovers